AoeStats
← Křovák

MegaRandom

503865295Analyzed
1v1 RM · 1mo ago on Sep 2, 2026· 66m 47s· 2 players
Game mode
Random Map
Map size
Tiny (2 player)
Population
200
Speed
Normal
Resources
Standard
Victory
Conquest
Starting age
Dark Age
Ending age
Imperial Age
RankedLock teamsTeams togetherTeam positionsShared explorationLock speedFull tech treeHidden civsTurbo modeCheats
Victory
Defeat
🇵🇪 Maya · Peru
854
+17
🇨🇿 Franks · Czechia
886
-17
fatiga
11:44 Feudal Age
12:12 Double-Bit Axe
12:23 Horse Collar
20:02 Castle Age
21:35 Loom
21:14 Pikeman
23:35 Bow Saw
23:29 Heavy Plow
28:33 Fletching
34:41 Imperial Age
37:43 Ballistics
38:33 Gold Mining
40:42 Bodkin Arrow
43:01 Chemistry
42:04 Bracer
43:17 Two-Man Saw
42:50 Crop Rotation
43:35 Halberdier
45:10 Forging
46:56 Iron Casting
48:58 Blast Furnace
49:00 Wheelbarrow
48:14 Town Watch
47:54 Elite Skirmisher
48:42 Thumb Ring
49:49 Padded Archer Armor
49:51 Scale Mail Armor
50:48 Hand Cart
51:13 Hul'che Javelineers
51:49 Chain Mail Armor
53:12 Elite Plumed Archer
55:31 Squires
56:04 Plate Mail Armor
55:49 Leather Archer Armor
55:27 Arson
57:29 Elite Plumed Archer
58:42 Ring Archer Armor
Křovák
8:31 Loom
10:48 Feudal Age
11:28 Double-Bit Axe
16:38 Castle Age
18:56 Scale Barding Armor
22:46 Bow Saw
22:50 Forging
25:17 Town Watch
25:24 Gold Mining
26:42 Iron Casting
34:01 Imperial Age
34:33 Fletching
36:20 Bodkin Arrow
46:18 Chemistry
45:28 Stone Mining
47:59 Murder Holes
48:16 Fortified Wall
49:07 Wheelbarrow
52:21 Hoardings
54:35 Padded Archer Armor
54:05 Elite Skirmisher
57:38 Cavalier
58:18 Husbandry
Connection lost

Rejoining the realm…

Still unreachable

The connection could not be restored.

Session expired

The server has moved on; the page needs a fresh start.